AoeStats
← Joaquito

Yucatan

503758233Analyzed
3v3 RM · 1mo ago on Sep 2, 2026· 43m 36s· 6 players
Game mode
Random Map
Map size
Normal (6 player)
Population
200
Speed
Normal
Resources
Standard
Victory
Conquest
Starting age
Dark Age
Ending age
Imperial Age
RankedLock teamsTeams togetherTeam positionsShared explorationLock speedFull tech treeHidden civsTurbo modeCheats
Victory
Defeat
🇨🇱 Mongols · Chile
1072
+10
🇨🇱 Magyars · Chile
972
+14
🇨🇱 Huns · Chile
964
+15
🇺🇸 Portuguese · United States
946
-13
🇺🇸 Goths · United States
937
-13
🇺🇸 Maya · United States
933
-13
dripper
0:26 Loom
9:52 Feudal Age
14:53 Castle Age
13:31 Double-Bit Axe
14:12 Scale Mail Armor
14:23 Forging
15:54 Eagle Warrior
18:59 Squires
23:05 Fletching
24:35 Padded Archer Armor
24:37 Horse Collar
32:03 Wheelbarrow
31:15 Town Watch
34:03 Bodkin Arrow
35:27 Bow Saw
39:10 Leather Archer Armor
43:24 Imperial Age
scuttle
13:12 Feudal Age
13:07 Loom
15:32 Double-Bit Axe
19:04 Castle Age
19:25 Fletching
19:40 Padded Archer Armor
21:37 Bodkin Arrow
23:09 Bow Saw
23:26 Leather Archer Armor
38:12 Imperial Age
38:51 Ballistics
41:23 Chemistry
Juzzl Fuzzl
4:28 Loom
11:04 Feudal Age
18:09 Castle Age
16:50 Gold Mining
17:06 Stone Mining
17:42 Double-Bit Axe
23:59 Anarchy
26:17 Horse Collar
26:50 Bow Saw
28:08 Squires
30:00 Pikeman
Arzzeus
8:29 Loom
10:20 Feudal Age
16:20 Castle Age
14:37 Scale Barding Armor
14:23 Double-Bit Axe
14:54 Gold Mining
16:50 Stone Mining
18:48 Husbandry
26:51 Horse Collar
27:16 Marauders
30:02 Wheelbarrow
29:55 Bow Saw
30:37 Heavy Plow
38:04 Imperial Age
35:52 Bloodlines
39:16 Conscription
38:40 Capped Ram
43:17 Hand Cart
42:38 Elite Tarkan
43:14 Siege Ram
Drookns
11:13 Feudal Age
10:02 Loom
10:10 Loom
16:38 Castle Age
16:42 Scale Barding Armor
18:35 Bloodlines
25:55 Chain Barding Armor
26:04 Horse Collar
27:45 Heavy Plow
29:50 Wheelbarrow
29:29 Corvinian Army
29:37 Fletching
30:13 Double-Bit Axe
39:12 Imperial Age
38:26 Bodkin Arrow
38:27 Gold Mining
40:11 Bow Saw
39:44 Heavy Scorpion
43:39 Hand Cart
43:10 Town Watch
43:01 Elite Magyar Huszar
Joaquito
12:00 Feudal Age
13:41 Loom
14:27 Stone Mining
16:43 Castle Age
14:31 Double-Bit Axe
14:57 Gold Mining
15:57 Fletching
16:10 Padded Archer Armor
29:34 Gold Shaft Mining
31:28 Husbandry
31:41 Bloodlines
32:46 Wheelbarrow
34:21 Bodkin Arrow
37:26 Stone Shaft Mining
37:31 Husbandry
43:31 Imperial Age
40:59 Horse Collar
41:32 Bow Saw
42:46 Ballistics
42:35 Scale Barding Armor
42:46 Leather Archer Armor
Connection lost

Rejoining the realm…

Still unreachable

The connection could not be restored.

Session expired

The server has moved on; the page needs a fresh start.